NWL (28 & UNDER)
RED DEER WRANGLERS @ BISMARK BORDER GUARDS
04/07/2023
 
TOP OF THE 1ST
Red Deer Wranglers batting - Pitching for Bismark Border Guards : LHP Martin Lowry
Pitching: LHP Martin Lowry
Batting: RHB Carlos Peña 0-0: Ball
1-0: Called Strike
1-1: Called Strike
1-2: Foul Ball, location: 2F
1-2: Foul Ball, location: 2F
1-2: Foul Ball, location: 2F
1-2: Ground out 4-3 (Groundball, 4)
Batting: RHB John McDonald 0-0: Called Strike
0-1: Ball
1-1: Swinging Strike
1-2: Strikes out swinging
Batting: RHB Mike Wilcox 0-0: Ball
1-0: Ball
2-0: Foul Ball, location: 2F
2-1: Ball
3-1: Base on Balls
Batting: RHB Mario Sánchez 0-0: Ball
1-0: Foul Ball, location: 2F
1-1: Called Strike
1-2: Ball
2-2: TRIPLE (Flyball, 8RM)
Mike Wilcox scores
Batting: LHB Ricardo Flores 0-0: Ball
1-0: Ball
2-0: Called Strike
2-1: Swinging Strike
2-2: Ball
3-2: Strikes out swinging
Top of the 1st over - 1 run(s), 1 hit(s), 0 error(s), 1 left on base; Red Deer 1 - Bismark 0
BOTTOM OF THE 1ST
Bismark Border Guards batting - Pitching for Red Deer Wranglers : RHP Ray Kimball
Pitching: RHP Ray Kimball
Batting: RHB Zi-xing King 0-0: Foul Ball, location: 2F
0-1: Swinging Strike
0-2: Strikes out looking
Batting: LHB Rusty Herbert 0-0: Ball
1-0: Foul Ball, location: 2F
1-1: Ball
2-1: Bunt for hit - play at first, batter safe!
Batting: LHB Norberto Muñóz 0-0: Ball
1-0: Ball
2-0: Ball
3-0: Called Strike
3-1: Base on Balls
Rusty Herbert to second
Batting: RHB Mike Wright 0-0: Ball
1-0: SINGLE (Groundball, 6M)
Rusty Herbert to third
Norberto Muñóz to second
Runner from 3rd tries for Home, SAFE, throw made home
Norberto Muñóz to third
Mike Wright to second
Batting: RHB José Cintrón 0-0: Ball
1-0: Foul Ball, location: 2F
1-1: Ball
2-1: Foul Ball, location: 2F
2-2: Foul Ball, location: 2F
2-2: Strikes out swinging
Batting: RHB Ramiro Ross 0-0: Called Strike
0-1: Ball
1-1: Ball
2-1: Fly out, F8 (Flyball, 8LD)
Bottom of the 1st over - 1 run(s), 2 hit(s), 0 error(s), 2 left on base; Red Deer 1 - Bismark 1
TOP OF THE 2ND
Red Deer Wranglers batting - Pitching for Bismark Border Guards : LHP Martin Lowry
Batting: RHB Orlando Núñes 0-0: Swinging Strike
0-1: Ball
1-1: Called Strike
1-2: Ground out 4-3 (Groundball, 4M)
Batting: LHB Ron Mayes 0-0: Fly out, F7 (Flyball, 7LS)
Batting: LHB Enrico Vargas 0-0: Called Strike
0-1: Called Strike
0-2: Ground out 4-3 (Groundball, 4)
Top of the 2nd over - 0 run(s), 0 hit(s), 0 error(s), 0 left on base; Red Deer 1 - Bismark 1
BOTTOM OF THE 2ND
Bismark Border Guards batting - Pitching for Red Deer Wranglers : RHP Ray Kimball
Batting: LHB Marvin Miller 0-0: Ball
1-0: DOUBLE (Line Drive, 3L)
Batting: RHB Enrico Rodríguez 0-0: Called Strike
0-1: Ball
1-1: Foul Ball, location: 2F
1-2: Ball
2-2: Foul Ball, location: 2F
2-2: Ball
3-2: TRIPLE (Flyball, 78D)
Marvin Miller scores
Batting: LHB Júlio Colón 0-0: Swinging Strike
0-1: Foul Ball, location: 2F
0-2: Strikes out swinging
Batting: RHB Zi-xing King 0-0: Ball
Wild Pitch!
Enrico Rodríguez scores
1-0: Foul Ball, location: 2F
1-1: Foul Ball, location: 2F
1-2: Foul Ball, location: 2F
1-2: Strikes out swinging
Batting: LHB Rusty Herbert 0-0: Ball
1-0: Ball
2-0: Ball
3-0: Called Strike
3-1: Base on Balls
Batting: LHB Norberto Muñóz 0-0: Ball
1-0: Ball
2-0: Ball
3-0: Called Strike
3-1: Called Strike
3-2: Foul Ball, location: 2F
3-2: DOUBLE (Line Drive, 9LM)
Rusty Herbert to third
Rusty Herbert scores
Batting: RHB Mike Wright 0-0: Ball
1-0: Ball
2-0: Ball
3-0: Called Strike
3-1: Foul Ball, location: 2F
3-2: SINGLE (Flyball, 9S)
Norberto Muñóz to third
Norberto Muñóz scores
Batting: RHB José Cintrón 0-0: Ball
1-0: Foul Ball, location: 2F
1-1: Swinging Strike
1-2: SINGLE (Line Drive, 7LS)
Mike Wright to second
Batting: RHB Ramiro Ross 0-0: Ball
1-0: Ball
2-0: Ball
3-0: Base on Balls
Mike Wright to third
José Cintrón to second
Batting: LHB Marvin Miller 0-0: Ball
1-0: Foul Ball, location: 2F
1-1: Fielders Choice at 2nd, U6 (Groundball, 6M)
Bottom of the 2nd over - 4 run(s), 5 hit(s), 0 error(s), 3 left on base; Red Deer 1 - Bismark 5
TOP OF THE 3RD
Red Deer Wranglers batting - Pitching for Bismark Border Guards : LHP Martin Lowry
Batting: SHB José López 0-0: Foul Ball, location: 2F
0-1: Swinging Strike
0-2: Ball
1-2: Strikes out swinging
Batting: RHB Carlos Peña 0-0: Ball
1-0: Called Strike
1-1: Ground out 1-3 (Groundball, 13)
Batting: RHB John McDonald 0-0: Foul Ball, location: 2F
0-1: Ball
1-1: Ball
2-1: SINGLE (Groundball, 56)
Batting: RHB Mike Wilcox 0-0: Ball
1-0: Called Strike
John McDonald steals 2nd base
1-1: Hit by Pitch
Batting: RHB Mario Sánchez 0-0: Ball
1-0: 3-RUN HOME RUN (Flyball, 7D), Distance : 391 ft
Batting: LHB Ricardo Flores 0-0: Ball
1-0: Called Strike
1-1: Foul Ball, location: 2F
1-2: Ball
2-2: Ball
3-2: Foul Ball, location: 2F
3-2: Base on Balls
Batting: RHB Orlando Núñes 0-0: Called Strike
0-1: Ground out U3 (Groundball, 3S)
Top of the 3rd over - 3 run(s), 2 hit(s), 0 error(s), 1 left on base; Red Deer 4 - Bismark 5
BOTTOM OF THE 3RD
Bismark Border Guards batting - Pitching for Red Deer Wranglers : RHP Ray Kimball
Batting: RHB Enrico Rodríguez 0-0: Called Strike
0-1: Ball
1-1: Fly out, F9 (Flyball, 89M)
Batting: LHB Júlio Colón 0-0: Ground out 1-3 (Groundball, 13)
Batting: RHB Zi-xing King 0-0: Ball
1-0: Swinging Strike
1-1: Foul Ball, location: 2F
1-2: Foul Ball, location: 2F
1-2: Foul Ball, location: 2F
1-2: Ball
2-2: Foul Ball, location: 2F
2-2: Strikes out swinging
Bottom of the 3rd over - 0 run(s), 0 hit(s), 0 error(s), 0 left on base; Red Deer 4 - Bismark 5
TOP OF THE 4TH
Red Deer Wranglers batting - Pitching for Bismark Border Guards : LHP Martin Lowry
Batting: LHB Ron Mayes 0-0: Foul Ball, location: 2F
0-1: Foul Ball, location: 2F
0-2: Ball
1-2: Ball
2-2: Foul Ball, location: 2F
2-2: Ground out U3 (Groundball, 3)
Batting: LHB Enrico Vargas 0-0: Ground out 4-3 (Groundball, 34)
Batting: SHB José López 0-0: Ball
1-0: Ball
2-0: Ball
3-0: Called Strike
3-1: Ground out 5-3 (Groundball, 5)
Top of the 4th over - 0 run(s), 0 hit(s), 0 error(s), 0 left on base; Red Deer 4 - Bismark 5
BOTTOM OF THE 4TH
Bismark Border Guards batting - Pitching for Red Deer Wranglers : RHP Ray Kimball
Batting: LHB Rusty Herbert 0-0: Fly out, F5 (Popup, 5SF)
Batting: LHB Norberto Muñóz 0-0: SINGLE (Line Drive, 34)
Batting: RHB Mike Wright 0-0: Called Strike
0-1: SINGLE (Line Drive, 7S)
Norberto Muñóz to second
Batting: RHB José Cintrón 0-0: Called Strike
0-1: Swinging Strike
0-2: Ball
1-2: Foul Ball, location: 2F
1-2: Strikes out looking
Batting: RHB Ramiro Ross 0-0: Called Strike
0-1: Fly out, F9 (Flyball, 9D)
Bottom of the 4th over - 0 run(s), 2 hit(s), 0 error(s), 2 left on base; Red Deer 4 - Bismark 5
TOP OF THE 5TH
Red Deer Wranglers batting - Pitching for Bismark Border Guards : LHP Martin Lowry
Batting: RHB Carlos Peña 0-0: Ball
1-0: Called Strike
1-1: Foul Ball, location: 2F
1-2: Ground out 5-3 (Groundball, 5)
Batting: RHB John McDonald 0-0: Ball
1-0: Fly out, F9 (Flyball, 89M)
Batting: RHB Mike Wilcox 0-0: Ball
1-0: Swinging Strike
1-1: Ball
2-1: Ball
3-1: Foul Ball, location: 2F
3-2: Base on Balls
Batting: RHB Mario Sánchez 0-0: Ball
1-0: SINGLE (Groundball, 6MD) (infield hit)
Mike Wilcox to second
Batting: LHB Ricardo Flores 0-0: Ball
1-0: Foul Ball, location: 2F
1-1: Ball
2-1: Called Strike
2-2: Foul Ball, location: 2F
2-2: Foul Ball, location: 2F
2-2: Strikes out swinging
Top of the 5th over - 0 run(s), 1 hit(s), 0 error(s), 2 left on base; Red Deer 4 - Bismark 5
BOTTOM OF THE 5TH
Bismark Border Guards batting - Pitching for Red Deer Wranglers : RHP Ray Kimball
Batting: LHB Marvin Miller 0-0: Foul Ball, location: 2F
0-1: Swinging Strike
0-2: Ball
1-2: Foul Ball, location: 2F
1-2: Ball
2-2: Strikes out swinging
Pitching: RHP Alejandro Arriaza
Batting: RHB Enrico Rodríguez 0-0: Ground out 4-3 (Groundball, 4)
Batting: LHB Júlio Colón 0-0: Ball
1-0: Ball
2-0: SINGLE (Line Drive, 6D)
Batting: RHB Zi-xing King 0-0: DOUBLE (Line Drive, 9LM)
Júlio Colón to third
Runner from 3rd tries for Home, SAFE, no throw or cutoff
Batting: LHB Rusty Herbert 0-0: SINGLE (Line Drive, 78M)
Zi-xing King to third
Batting: LHB Norberto Muñóz 0-0: Ball
1-0: Ball
2-0: Ball
3-0: Called Strike
3-1: Swinging Strike
3-2: 3-RUN HOME RUN (Flyball, 9LD), Distance : 358 ft
Batting: RHB Mike Wright 0-0: Called Strike
0-1: Fly out, F7 (Flyball, 7S)
Bottom of the 5th over - 4 run(s), 4 hit(s), 0 error(s), 0 left on base; Red Deer 4 - Bismark 9
TOP OF THE 6TH
Red Deer Wranglers batting - Pitching for Bismark Border Guards : LHP Martin Lowry
Pitching: LHP Arturo Heredia
Batting: RHB Orlando Núñes 0-0: Called Strike
0-1: Ball
1-1: Ball
2-1: Ball
3-1: Foul Ball, location: 2F
3-2: Ground out 3-1 (Groundball, 34)
Batting: LHB Ron Mayes 0-0: Ball
1-0: Called Strike
1-1: Foul Ball, location: 2F
1-2: Strikes out swinging
Batting: LHB Enrico Vargas 0-0: Foul Ball, location: 2F
0-1: Swinging Strike
0-2: Ball
1-2: Ball
2-2: Strikes out swinging
Top of the 6th over - 0 run(s), 0 hit(s), 0 error(s), 0 left on base; Red Deer 4 - Bismark 9
BOTTOM OF THE 6TH
Bismark Border Guards batting - Pitching for Red Deer Wranglers : RHP Alejandro Arriaza
Pitching: RHP Douglas Louch
Batting: RHB José Cintrón 0-0: Ball
1-0: Ball
2-0: Ball
3-0: Called Strike
3-1: Called Strike
3-2: Foul Ball, location: 2F
3-2: Base on Balls
Batting: RHB Ramiro Ross 0-0: Ball
1-0: Called Strike
1-1: Ball
2-1: Fly out, F8 (Flyball, 8LD)
Batting: LHB Marvin Miller 0-0: Called Strike
0-1: Fly out, F7 (Flyball, 78S)
Batting: RHB Enrico Rodríguez 0-0: Ball
1-0: Called Strike
1-1: Foul Ball, location: 2F
1-2: Foul Ball, location: 2F
1-2: Ball
2-2: Foul Ball, location: 2F
2-2: Ball
3-2: Base on Balls
José Cintrón to second
Batting: LHB Júlio Colón 0-0: Ball
1-0: Foul Ball, location: 2F
1-1: Ball
2-1: Foul Ball, location: 2F
2-2: Fly out, F8 (Flyball, 8LS)
Bottom of the 6th over - 0 run(s), 0 hit(s), 0 error(s), 2 left on base; Red Deer 4 - Bismark 9
TOP OF THE 7TH
Red Deer Wranglers batting - Pitching for Bismark Border Guards : LHP Arturo Heredia
Batting: SHB José López 0-0: Ball
1-0: Called Strike
1-1: Ball
2-1: Ground out 6-3 (Groundball, 6)
Batting: RHB Carlos Peña 0-0: Foul Ball, location: 2F
0-1: SINGLE (Line Drive, 8LS)
Batting: RHB John McDonald 0-0: Ball
1-0: Called Strike
Carlos Peña is caught stealing 2nd base
1-1: Called Strike
1-2: Foul Ball, location: 2F
1-2: Ball
2-2: Ground out 5-3 (Groundball, 56)
Top of the 7th over - 0 run(s), 1 hit(s), 0 error(s), 0 left on base; Red Deer 4 - Bismark 9
BOTTOM OF THE 7TH
Bismark Border Guards batting - Pitching for Red Deer Wranglers : RHP Douglas Louch
Batting: RHB Zi-xing King 0-0: Bunted foul
0-1: Swinging Strike
0-2: Ball
1-2: Ball
2-2: Fly out, F3 (Popup, 3)
Pitching: RHP Paul Peterson
Batting: LHB Rusty Herbert 0-0: Ball
1-0: SINGLE (Line Drive, 6)
Batting: LHB Norberto Muñóz 0-0: Ball
1-0: Ball
2-0: Called Strike
2-1: Called Strike
2-2: Ball
3-2: Ground out 3-1 (Groundball, 34)
Rusty Herbert to second
Batting: RHB Mike Wright 0-0: Ball
1-0: Called Strike
1-1: Ball
2-1: Fly out, F6 (Line Drive, 6)
Bottom of the 7th over - 0 run(s), 1 hit(s), 0 error(s), 1 left on base; Red Deer 4 - Bismark 9
TOP OF THE 8TH
Red Deer Wranglers batting - Pitching for Bismark Border Guards : LHP Arturo Heredia
Pitching: LHP Jim Evens
Batting: RHB Mike Wilcox 0-0: Ball
1-0: Called Strike
1-1: Ball
2-1: Ball
3-1: Base on Balls
Batting: RHB Mario Sánchez 0-0: Ball
1-0: Called Strike
1-1: Foul Ball, location: 2F
1-2: Grounds into double play, 3-6-3 (Groundball, 3)
Batting: LHB Ricardo Flores 0-0: Ball
1-0: Fly out, F8 (Flyball, 8LXD)
Top of the 8th over - 0 run(s), 0 hit(s), 0 error(s), 0 left on base; Red Deer 4 - Bismark 9
BOTTOM OF THE 8TH
Bismark Border Guards batting - Pitching for Red Deer Wranglers : RHP Paul Peterson
Batting: RHB José Cintrón 0-0: Called Strike
0-1: Ball
1-1: Called Strike
1-2: Ball
2-2: Ground out 4-3 (Groundball, 4)
Batting: RHB Ramiro Ross 0-0: Called Strike
0-1: SINGLE (Groundball, 6MD)
Batting: LHB Marvin Miller 0-0: Ball
1-0: Swinging Strike
1-1: Foul Ball, location: 2F
1-2: SINGLE (Groundball, 34D)
Ramiro Ross to second
Runner from 2nd tries for 3rd, SAFE, throw made to third
Batting: RHB Enrico Rodríguez 0-0: Ball
1-0: Grounds into double play, 4-6-3 (Groundball, 4)
Bottom of the 8th over - 0 run(s), 2 hit(s), 0 error(s), 1 left on base; Red Deer 4 - Bismark 9
TOP OF THE 9TH
Red Deer Wranglers batting - Pitching for Bismark Border Guards : LHP Jim Evens
Batting: RHB Orlando Núñes 0-0: Ball
1-0: Foul Ball, location: 2F
1-1: Called Strike
1-2: Foul Ball, location: 2F
1-2: Strikes out looking
Batting: LHB Ron Mayes 0-0: Swinging Strike
0-1: Foul Ball, location: 2F
0-2: Ground out 1-3 (Groundball, 15S)
Batting: LHB Enrico Vargas 0-0: Foul Ball, location: 2F
0-1: Foul Ball, location: 2F
0-2: Ground out 6-3 (Groundball, 6M)
Top of the 9th over - 0 run(s), 0 hit(s), 0 error(s), 0 left on base; Red Deer 4 - Bismark 9
This league is powered by Out of the Park Baseball, the baseball management simulation game for PC, Mac and Linux
Wednesday, December 2nd, 2015 - OOTP Baseball 16.8 Build 38